 Dungeon Crawl Stone Soup version 0.30-b1-2-g02819fbbbe (webtiles) character file.

Game seed: 14017623303598764942

5952 falawelle the Cleaver (level 10, -14/139 HPs)
             Began as a Minotaur Berserker on May 10, 2023.
             Was a Believer of Trog.
             Demolished by a skyshark (23 damage)
             ... on level 2 of the Lair of Beasts.
             The game lasted 00:57:57 (15269 turns).

falawelle the Cleaver (Minotaur Berserker)         Turns: 15269, Time: 00:58:03

Health: -14/139    AC: 11    Str: 24    XL:     10   Next: 54%
Magic:  9/9        EV:  9    Int:  6    God:    Trog [**....]
Gold:   499        SH:  7    Dex: 10    Spells: 9/9 levels left

rFire   + . .        F - +3 mace (freeze)
rCold   + . .        B - +1 kite shield {rC+ rF+}
rNeg    . . .        o - +1 scale mail
rPois   .            (helmet restricted)
rElec   .            (no cloak)
rCorr   .            C - +0 pair of gloves
SInv    +            (no boots)
Will    .....        q - amulet of faith Stlth
                     f - ring of see invisible
HPRegen 0.43/turn    (no ring)
MPRegen 0.11/turn

%: faith
@: berserking, about to teleport, very quick
A: horns 2, retaliatory headbutt
a: Renounce Religion, Berserk, Trog's Hand


You were on level 2 of the Lair of Beasts.
You worshipped Trog.
Trog was pleased with you.
You visited 2 branches of the dungeon, and saw 11 of its levels.

You collected 499 gold pieces.

Inventory:

Hand Weapons
 a - a +6 spear
 s - a +1 mace of draining
 y - a +3 hand axe
 F - a +3 mace of freezing (weapon)
Armour
 o - a +1 scale mail (worn)
 B - a +1 kite shield of resistance (worn)
 C - a +0 pair of gloves (worn)
Jewellery
 f - a ring of see invisible (left hand)
 q - an amulet of faith (around neck)
 z - a ring of willpower
 A - an amulet of reflection
 D - a ring of protection from cold
Wands
 r - a wand of paralysis (23)
 w - a wand of roots (4)
Scrolls
 d - 2 scrolls of immolation
 j - 2 scrolls of enchant armour
 v - a scroll of brand weapon
 x - a scroll of identify
Potions
 b - a potion of might
 c - 4 potions of lignification
 e - 2 potions of cancellation
 g - 4 potions of flight
 h - 3 potions of haste
 i - 4 potions of brilliance
 k - 4 potions of curing
 l - 3 potions of heal wounds
 n - 2 potions of mutation
 p - a potion of resistance
 t - a potion of invisibility
 u - a potion of berserk rage
 E - a potion of magic


   Skills:
 + Level 10.2 Fighting
 * Level 13.8 Axes
 + Level 9.9 Armour
 - Level 2.1 Dodging


You had 9 spell levels left.
You didn't know any spells.
Your spell library was empty.

Dungeon Overview and Level Annotations

Branches:
Dungeon (9/15)             Temple (0/1) D:7            Lair (1/5) D:9
    Orc: D:9-12

Altars:
Ashenzari
Fedhas
Nemelex Xobeh
Ru
Yredelemnul

Shops:
D:8 :


Innate Abilities, Weirdness & Mutations

You have a pair of horns on your head.
You reflexively headbutt those who attack you in melee.


Message History

You block the wolf's attack. The wolf bites you. The skyshark bites you!
The skyshark enters a blood-rage!
The skyshark tail-slaps you.
The skyshark tail-slaps you but does no damage.
The wolf barely misses you. The wolf bites you.
Okay, then.
As you read the scroll of teleportation, it crumbles to dust.
You feel strangely unstable.
The skyshark bites you but does no damage.
The skyshark tail-slaps you.
The skyshark tail-slaps you but does no damage.
A wolf comes into view.
The wolf bites you.
* * * LOW HITPOINT WARNING * * *
The wolf barely misses you. You furiously retaliate!
You headbutt the wolf, but do no damage.
The skyshark barely misses you. You block the skyshark's attack.
The skyshark tail-slaps you but does no damage.
The wolf barely misses you.
A red film seems to cover your vision as you go berserk!
You feel yourself moving faster!
You feel mighty! You block the wolf's attack. The skyshark bites you!!
* * * LOW HITPOINT WARNING * * *
The skyshark tail-slaps you.
* * * LOW HITPOINT WARNING * * *
The skyshark tail-slaps you.
* * * LOW HITPOINT WARNING * * *
The wolf closely misses you.
You closely miss the skyshark.
The skyshark is almost dead.
The wolf barely misses you.
The skyshark bites you but does no damage.
The skyshark tail-slaps you.
* * * LOW HITPOINT WARNING * * *
The skyshark tail-slaps you.
* * * LOW HITPOINT WARNING * * *
The wolf bites you.
* * * LOW HITPOINT WARNING * * *
You block the wolf's attack. The wolf barely misses you.
The skyshark bites you!!
You die...

.... ...... >.
#........ .?
#####.......
..#.###.##...P.#P.
.......h.........
#h@h......##
##Plh.....#.#
#.....†....#
#..........#
#...#......#
#...###...###
...P# #....# ...!#
#...## .#.# ...##


You could see a skyshark (berserk) and 4 wolves.

Vanquished Creatures
  A two-headed ogre (D:9)
  A death yak (Lair:2)
  Pikel (D:4)
  A wyvern (D:8)
  Edmund (D:6)
  An acid dragon (D:9)
  4 water moccasins
  4 ice beasts
  A sky beast (D:8)
  A black bear (D:6)
  2 ogres
  A centaur (D:8)
  2 kobold brigands
  2 lemures (D:4)
  A phantom (D:5)
  3 bullfrogs
  5 scorpions
  12 wights
  19 killer bees
  A howler monkey (D:5)
  A quasit (D:7)
  A jelly (D:7)
  2 orc priests (D:6)
  2 hounds (D:5)
  2 iguanas
  2 orc wizards
  5 adders
  8 gnolls
  2 shadow imps (D:7)
  5 white imps
  3 ufetubi (D:7)
  A worm (D:3)
  2 dart slugs
  18 orcs
  4 ball pythons
  2 bats
  5 endoplasms
  3 giant cockroaches
  12 goblins
  8 hobgoblins
  2 jackals (D:1)
  2 quokkas (D:2)
  2 frilled lizards (D:2)
  15 kobolds
  3 rats
176 creatures vanquished.

Vanquished Creatures (others)
  4 demonic plants (D:7)
  4 fungi (Lair:2)
  3 plants (Lair:2)
11 creatures vanquished.

Grand Total: 187 creatures vanquished

Notes
Turn   | Place    | Note
-------+----------+-------------------------------------------
     0 | D:1      | falawelle the Minotaur Berserker began the quest for the
                  | Orb.
     0 | D:1      | Reached XP level 1. HP: 19/19 MP: 0/0
   281 | D:1      | Reached skill level 4 in Axes
   709 | D:1      | Reached XP level 2. HP: 27/27 MP: 1/1
  1309 | D:2      | Found a faded altar of an unknown god.
  1700 | D:2      | Reached XP level 3. HP: 33/33 MP: 2/2
  2349 | D:3      | Reached ** piety under Trog
  3009 | D:3      | Reached skill level 5 in Axes
  3009 | D:3      | Reached XP level 4. HP: 16/40 MP: 3/3
  4252 | D:4      | Noticed a lemure
  4263 | D:4      | Killed a lemure
  4893 | D:4      | Noticed a lemure
  4893 | D:4      | Noticed Pikel
  4918 | D:4      | Killed a lemure
  4936 | D:4      | Noticed a lemure
  4936 | D:4      | Noticed a lemure
  4947 | D:4      | Killed Pikel
  4948 | D:4      | Reached skill level 5 in Fighting
  4948 | D:4      | Reached skill level 7 in Axes
  4948 | D:4      | Reached skill level 5 in Armour
  4948 | D:4      | Reached XP level 5. HP: 50/50 MP: 4/4
  4948 | D:4      | Reached XP level 6. HP: 57/57 MP: 5/5
  4948 | D:4      | Reached XP level 7. HP: 62/62 MP: 6/6
  5329 | D:5      | Entered Level 5 of the Dungeon
  5373 | D:5      | Reached skill level 8 in Axes
  5809 | D:5      | Reached XP level 8. HP: 61/71 MP: 7/7
  6654 | D:6      | Reached skill level 9 in Axes
  7767 | D:6      | Reached skill level 10 in Axes
  8256 | D:6      | Noticed Edmund
  8278 | D:6      | Killed Edmund
  9127 | D:6      | Reached XP level 9. HP: 74/80 MP: 8/8
  9812 | D:7      | Found a staircase to the Ecumenical Temple.
 10059 | D:7      | Reached skill level 11 in Axes
 10184 | D:7      | Found a basalt altar of Yredelemnul.
 10487 | D:7      | Found a sacrificial altar of Ru.
 10493 | D:7      | Found a blossoming altar of Fedhas.
 10501 | D:7      | Found a sparkling altar of Nemelex Xobeh.
 11301 | D:8      | Reached skill level 12 in Axes
 11364 | D:8      | Found a broken altar of Ashenzari.
 11377 | D:8      | Found a flagged portal.
 11923 | D:8      | Found Rifos's Book Shop.
 12424 | D:8      | Identified a scroll of acquirement
 12424 | D:8      | Acquired a +1 kite shield of resistance
 12491 | D:9      | Found a staircase to the Lair.
 12806 | D:9      | Reached XP level 10. HP: 52/91 MP: 9/9
 13482 | D:9      | Reached skill level 13 in Axes
 13911 | D:9      | Noticed a two-headed ogre
 13922 | D:9      | Killed a two-headed ogre
 14771 | Lair:1   | Entered Level 1 of the Lair of Beasts
 14908 | Lair:1   | Reached skill level 10 in Fighting
 15223 | Lair:1   | You fall into a shaft and drop 1 floor!
 15223 | Lair:2   | Noticed a death yak
 15234 | Lair:2   | Killed a death yak
 15259 | Lair:2   | Noticed a skyshark
 15269 | Lair:2   | Demolished by a skyshark

Illustrated notes

Levels and vault maps discovered:
D:1:      shiori_arrival_oz, layout_loops_ring
D:2:      layout_rooms, hellmonk_ecumenical_altar_pennies_from_heaven,
          st_stairs_14, minmay_misc_feat_alley
D:3:      layout_rooms, chequers_avenue
D:4:      layout_basic, uniq_pikel
D:5:      corexii_shack_village, layout_cave_pools, wad_floor_pattern_2
D:6:      layout_basic, uniq_edmund
D:7:      layout_basic, mainiacjoe_overflow_six_doors_small, minitemple,
          minmay_temple_entry_trees, serial_demonic, serial_demonic_e,
          serial_demonic_c, serial_demonic_e, serial_demonic_b,
          serial_demonic_a, serial_demonic_c
D:8:      layout_loops_ring, cheibrodos_ashenzari_chains, enter_bailey_5,
          serial_shops, kennysheep_mini
D:9:      layout_gridville, lair_entry_dummy
Lair:1:   layout_layer_cave, special_room [special_room_bee], st_stairs_13,
          grunt_forest_large_clearing_hut, infiniplex_staircase_pool
Lair:2:   layout_misc_corridors

Skill      XL: |  1  2  3  4  5  6  7  8  9 10 |
---------------+-------------------------------+-----
Axes           | 4 5 7 8 10 12 13 | 13.8
Fighting       | 4 5 6 7 9 10 | 10.2
Armour         | 3 5 6 7 9 |  9.9
Dodging        | |  2.1

Action                     |  1- 3 |  4- 6 |  7- 9 | 10-12 || total
---------------------------+-------+-------+-------+-------++-------
  Melee: Hand axe          |    73 |    48 |   141 |    53 ||   315
         Headbutt          |    11 |    10 |    86 |    20 ||   127
         Unarmed           |       |       |   277 |       ||   277
         Punch             |       |       |     5 |       ||     5
         Mace              |       |       |       |    12 ||    12
 Invoke: Berserk           |     1 |     2 |     7 |     2 ||    12
         Trog's Hand       |       |     1 |     9 |     3 ||    13
    Use: Scroll            |     6 |     5 |    16 |     2 ||    29
   Stab: Sleeping          |     1 |       |       |       ||     1
 Armour: Animal skin       |     8 |       |       |       ||     8
         Scale mail        |       |    13 |   224 |    25 ||   262
  Dodge: Dodged            |    38 |    26 |   261 |    32 ||   357
  Block: Kite shield       |       |       |    16 |    25 ||    41
